 Dungeon Crawl Stone Soup version 0.31-a0-460-g9e667d4245 (webtiles) character file.

Game seed: 3944066728341347486

54243 kae the Mimic (level 14, -15/126 HPs)
             Began as a Red Draconian Shapeshifter on Aug 4, 2023.
             Was a Priest of Ru.
             Demolished by a skeletal warrior
             ... wielding a +0 long sword
              (21 damage)
             ... on level 11 of the Dungeon.
             The game lasted 00:15:58 (16416 turns).

kae the Mimic (Red Draconian Shapeshifter)         Turns: 16416, Time: 00:15:59

Health: -15/126    AC:  8    Str: 28    XL:     14   Next: 33%
Magic:  14/14      EV: 17    Int:  8    God:    Ru [***...]
Gold:   1386       SH:  0    Dex: 17    Spells: 13/13 levels left

rFire   + +          .
                       - Unarmed
rCold   x . .        (no shield)
rNeg    . . .        (body armour unavailable)
rPois   .            (helmet restricted)
rElec   .            (no cloak)
rCorr   .            (no gloves)
SInv    +            (no boots)
Will    +....        g - amulet of regeneration Stlth
                     S - +6 ring of strength
HPRegen 1.21/turn    j - ring "Katudas" {Fire Str+4 SInv}
MPRegen 0.14/turn

%: no passive effects
@: about to teleport, maw-form
A: devouring maw, breathe fire, AC +8, unfitting armour, fire resistance 1,
cold-blooded, no stealth, inability to use devices
a: Breathe Fire, Begin Untransformation, Renounce Religion, Draw Out Power


You were on level 11 of the Dungeon.
You worshipped Ru.
Ru was most pleased with you.
You were a creature with a mouth for a stomach.
You visited 3 branches of the dungeon, and saw 18 of its levels.

You collected 1481 gold pieces.
You spent 95 gold pieces at shops.


Innate Abilities, Weirdness & Mutations

You are a creature with a mouth for a stomach.
Your midsection houses a second, enormous mouth.
You can breathe blasts of fire.
Your fiery red scales are hard. (AC +8)
You cannot fit into any form of body armour.
Your flesh is heat resistant. (rF+)
You are cold-blooded and may be slowed by cold attacks.
You cannot be stealthy.
You cannot study or use magical devices.


   Skills:
 - Level 12.0 Fighting
 + Level 9.4 Dodging
 + Level 13.6 Unarmed Combat
 * Level 14.3 Shapeshifting


You had 13 spell levels left.
You didn't know any spells.
Your spell library contained the following spells:

 Spells                   Type           Power      Damage    Failure   Level
 Apportation              Tloc           0%         N/A       41%         1
 Freeze                   Ice            0%         1d3       41%         1
 Magic Dart               Conj           0%         1d3       41%         1
 Call Imp                 Summ           0%         N/A       54%         2
 Static Discharge         Conj/Air       0%         2-2/arc   54%         2
 Frozen Ramparts          Ice            0%         1d1       78%         3
 Hailstorm                Conj/Ice       0%         3d3       78%         3
 Mephitic Cloud           Conj/Pois/Air  0%         N/A       78%         3
 Ozocubu's Armour         Ice            0%         N/A       78%         3
 Airstrike                Air            0%         2d(0-16)  99%         4
 Summon Ice Beast         Ice/Summ       0%         N/A       99%         4
 Summon Lightning Spire   Summ/Air       0%         N/A       99%         4
 Alistair's Intoxication  Tmut/Pois      0%         N/A       100%        5
 Metabolic Englaciation   Hex/Ice        0%         N/A       100%        5
 Simulacrum               Ice/Necr       0%         N/A       100%        6

Inventory:

Missiles
 h - 7 throwing nets {=f!f}
 q - 30 poisoned darts
 G - 4 curare-tipped darts {=f}
 K - 8 javelins
 M - 6 silver javelins
 U - 162 stones
Jewellery
 c - a ring of ice
   (You found it on level 8 of the Dungeon)
 f - a ring of fire
   (You found it on level 10 of the Dungeon)
 g - an amulet of regeneration (around neck)
   (You found it on level 2 of the Dungeon)
 j - the ring "Katudas" (right hand) {Fire Str+4 SInv}
   (You took it off a gnoll on level 5 of the Dungeon)

   [ring of fire]

   It enhances your fire magic.
   Str:       It affects your strength (+4).
   rF:        It protects you from fire.
   rC:        It makes you vulnerable to cold.
   SInv:      It lets you see invisible.
 C - a ring of protection from cold
   (You found it on level 5 of the Lair of Beasts)
 F - a ring of fire
   (You found it on level 5 of the Dungeon)
 N - a ring of positive energy
   (You found it on level 7 of the Dungeon)
 S - a +6 ring of strength (left hand)
   (You took it off a goblin on level 2 of the Dungeon)
 T - an amulet of faith {!P}
   (You found it on level 11 of the Dungeon)
Talismans
 b - a beast talisman
 d - a blade talisman
   (You found it on level 2 of the Dungeon)
 n - a serpent talisman
   (You found it on level 3 of the Dungeon)
 P - a maw talisman (active)
   (You took it off Rupert on level 3 of the Lair of Beasts)
Wands
 k - a wand of mindburst (20)
   (You found it on level 5 of the Dungeon)
 m - a wand of flame (30)
   (You found it on level 2 of the Dungeon)
 o - a wand of polymorph (14)
   (You found it on level 6 of the Dungeon)
 r - a wand of light (1)
   (You found it on level 3 of the Lair of Beasts)
 x - a wand of iceblast (6)
   (You found it on level 7 of the Dungeon)
 J - a wand of paralysis (10)
   (You found it on level 10 of the Dungeon)
Scrolls
 e - 2 scrolls of revelation
 l - 2 scrolls of fog
 p - 2 scrolls of teleportation {@r4}
 u - 4 scrolls of immolation {!r!r}
 v - 3 scrolls of silence {!r}
 w - 3 scrolls of brand weapon
 y - a scroll of butterflies
 B - 5 scrolls of identify {@r1}
 E - 2 scrolls of vulnerability {!r!r}
 H - 3 scrolls of enchant weapon
 L - 3 scrolls of enchant armour
Potions
 a - 4 potions of curing {@q1}
 i - 5 potions of enlightenment
 s - 3 potions of brilliance
 t - 3 potions of attraction {!q}
 z - a potion of lignification {!q}
 A - 7 potions of ambrosia
 D - 2 potions of berserk rage {!q}
 I - 2 potions of might
 O - a potion of magic
 R - a potion of haste {@q3}
Miscellaneous
 Q - a phial of floods
   (You found it on level 5 of the Lair of Beasts)

Dungeon Overview and Level Annotations

Branches:
Dungeon (12/15) Zot: 26975  Temple (1/1) D:6 Zot: 5994    Lair (5/5) D:9 Zot: 23362
  Swamp (0/4) Lair:2        Snake (0/4) Lair:2        Slime (0/5) Lair:5
    Orc (0/2) D:11

Altars:
Ashenzari
Cheibriados
Dithmenos
Elyvilon
Fedhas
Gozag
Hepliaklqana
Kikubaaqudgha
Makhleb
Nemelex Xobeh
Okawaru
Qazlal
Ru
Sif Muna
Trog
Uskayaw
Vehumet
Wu Jian
Xom
Yredelemnul
Zin
The Shining One
Jiyva

Shops:
D:9

(*? ####........#
#.......# ###.####.##
#.......# #.#
#..###.......# #.#
##...'.......# #.#
#####.....[.# #.#
##....##### #.#
##..######## ###+###
#..........# #.....#
#...Wz.....# #####.#
#..zyz.....#
#.....####.........^#
####.###.'.##..........#
...'...#.#.##..........#
######.#.#..'..........#
#.....####..........#
####### ############


You could see 3 skeletal warriors and a vampire mosquito.


Message History

The vampire mosquito draws strength from your injuries! 😕 HP[-5]
You take 5 damage, and now have 110/126 hp.
You barely miss the skeletal warrior.
You tail-slap the skeletal warrior, but do no damage.
You bite the skeletal warrior. The vampire mosquito bites you.
The vampire mosquito draws strength from your injuries!
The skeletal warrior closely misses you.
The skeletal warrior hits you but does no damage.
The vampire mosquito closely misses you.
You barely miss the skeletal warrior. You bite the skeletal warrior!!
The vampire mosquito misses you. The skeletal warrior misses you.
The skeletal warrior hits you with a +0 mace!
You focus your inner power and blind the skeletal warrior in retribution! 😮 HP[-16]
You take 16 damage, and now have 94/126 hp.
You hit the skeletal warrior but do no damage.
Your tail-slap misses the skeletal warrior.
The vampire mosquito misses you.
You hit the skeletal warrior but do no damage.
Your bite misses the skeletal warrior.
You redirect the vampire mosquito's attack!
The vampire mosquito barely misses itself.
The skeletal warrior hits you with a +0 long sword!
The skeletal warrior hits you with a +0 mace!
The vampire mosquito barely misses you. 😮 HP[-18]
You take 18 damage, and now have 76/126 hp.
You are too injured to fight recklessly!
You are too injured to fight recklessly!
You are too injured to fight recklessly!
You are too injured to fight recklessly!
You barely miss the skeletal warrior.
The skeletal warrior is no longer blind.
The vampire mosquito bites you.
The vampire mosquito draws strength from your injuries!
A gnoll comes into view. It is wielding a +0 club.
The skeletal warrior closely misses you.
The skeletal warrior hits you with a +0 mace!
* * * LOW HITPOINT WARNING * * *
A skeletal warrior comes into view.
It is wielding a +2 flail of protection. 😨 HP[-13]
You take 13 damage, and now have 63/126 hp.
Unknown command.
You closely miss the skeletal warrior.
The gnoll shouts!
You hear a shout!
The vampire mosquito bites you.
* * * LOW HITPOINT WARNING * * *
The vampire mosquito draws strength from your injuries!
The vampire mosquito bites you!
* * * LOW HITPOINT WARNING * * *
The vampire mosquito draws strength from your injuries!
The skeletal warrior hits you but does no damage.
The skeletal warrior closely misses you. 😨 HP[-9]
You take 9 damage, and now have 54/126 hp.
A skeletal warrior comes into view. It is wielding a +0 trident.
The skeletal warrior hits you with a +0 mace.
* * * LOW HITPOINT WARNING * * *
The skeletal warrior hits you with a +0 long sword!
* * * LOW HITPOINT WARNING * * *
The vampire mosquito bites you but does no damage.
There is a stone staircase leading up here. 😨 HP[-12]
You take 12 damage, and now have 42/126 hp.
The vampire mosquito closely misses you.
The skeletal warrior misses you.
The skeletal warrior completely misses you.
The skeletal warrior hits you with a +0 mace.
* * * LOW HITPOINT WARNING * * *
You climb upwards.
There is a stone staircase leading down here.
Unknown command. 😨 HP[-2]
You take 2 damage, and now have 40/126 hp.
As you read the scroll of teleportation {@r4}, it crumbles to dust.
You feel strangely unstable.
The vampire mosquito closely misses you.
The vampire mosquito bites you.
* * * LOW HITPOINT WARNING * * *
The vampire mosquito draws strength from your injuries!
The skeletal warrior hits you with a +0 long sword!!
* * * LOW HITPOINT WARNING * * *
The skeletal warrior misses you.
The skeletal warrior barely misses you. 😱 HP[-22]
You take 22 damage, and now have 18/126 hp.
Unknown command.
The skeletal warrior attacks as you move away!
The skeletal warrior misses you.
The skeletal warrior attacks as you move away!
The skeletal warrior hits you with a +0 mace!
* * * LOW HITPOINT WARNING * * *
The vampire mosquito barely misses you.
The vampire mosquito misses you. 😱 HP[-12]
You take 12 damage, and now have 6/126 hp.
Unknown command.
Unknown command.
The skeletal warrior attacks as you move away!
The skeletal warrior hits you with a +0 long sword!!
You die...

Skill      XL: |  1  2  3  4  5  6  7  8  9 10 11 12 13 14 |
---------------+-------------------------------------------+-----
Unarmed Combat | 4 9 11 12 13 | 13.6
Shapeshifting  | 7 8 9 10 11 12 13 14 | 14.3
Fighting       | 3 7 9 10 11 12 | 12.0
Dodging        | 5 7 8 9 |  9.4

Action                     |  1- 3 |  4- 6 |  7- 9 | 10-12 | 13-15 || total
---------------------------+-------+-------+-------+-------+-------++-------
  Melee: Unarmed           |   102 |    92 |   185 |   417 |   421 ||  1217
         Tailslap          |     6 |     8 |    26 |    61 |    84 ||   185
         Punch             |     2 |     3 |    11 |    33 |    54 ||   103
         Maw               |       |       |       |       |    80 ||    80
 Invoke: Sacrifice Stealth |       |       |       |     1 |       ||     1
         Reject Sacrifices |       |       |       |       |     1 ||     1
         Sacrifice Artific |       |       |       |       |     1 ||     1
Ability: Breathe Fire      |       |       |     2 |     7 |     2 ||    11
  Evoke: Wand              |     8 |       |       |       |     2 ||    10
    Use: Potion            |     1 |     3 |     1 |     1 |     1 ||     7
         Scroll            |       |       |    21 |     3 |     6 ||    30
   Stab: Sleeping          |     3 |     3 |     2 |     1 |       ||     9
         Distracted        |       |       |     1 |       |       ||     1
 Armour: Skin              |    62 |    20 |    31 |    94 |    93 ||   300
  Dodge: Dodged            |    58 |    47 |   104 |   342 |   412 ||   963
   Form: Blade             |       |     1 |       |       |       ||     1
         Maw               |       |       |       |       |     1 ||     1

Levels and vault maps discovered:
D:1:      saegor_arrival_simple_a, layout_loops_ring
D:2:      minmay_diamond_boxcup, layout_basic, basic_altar,
          ebering_ecumenical_altar_abandoned, hangedman_decor_diamond_cutter,
          reono_crystal_passage, uniq_robin, uniq_terence
D:3:      layout_rooms, mainiacjoe_overflow_boulevard
D:4:      layout_rooms, kiku_gazebo_garden_becter, fedhas_altar_decomposition,
          mainiacjoe_overflow_swirl
D:5:      layout_loops_ring, elyvilon_altar_5, mainiacjoe_overflow_paths,
          nicolae_concentric_dashed_squares_mild, kennysheep_nub
D:6:      layout_rooms, temple_hall
D:7:      layout_basic, mainiacjoe_overflow_cross_hatched,
          makhleb_blood_cavern_becter, nicolae_overflow_hidden_temple
D:8:      layout_cave_pools, lemuel_blue_sif_altar, minitemple, uniq_joseph
D:9:      layout_basic, grunt_temple_overflow_cloverleaf,
          nzn_wu_jian_council_hall, nemelex_diamond_rough_becter,
          grunt_lair_entry_orc_guard_hut, serial_shops, shop_scrolls, shop,
          nicolae_shop_advertising_works [nicolae_subvault_shop_adworks]
D:10:     layout_rooms, minmay_door_square, uniq_gastronok, uniq_harold,
          uniq_erolcha
D:11:     layout_roguey, david_orc_2, uniq_grum, uniq_maurice, uniq_amaemon,
          uniq_urug
D:12:     layout_cave_pools, ploomutoo_gammafunk_ghost_potion_laboratory,
          uniq_kirke
Temple:   ebering_the_one_and_only
Lair:1:   layout_cave_shapes, chequers_serial_rivers_room_a
Lair:2:   layout_cave_pods, minmay_swamp_entry_swarm,
          minmay_snake_entry_six_corridors, nicolae_lair_lindhole,
          lemuel_fruit_fields
Lair:3:   layout_loops_ring, special_room [special_room_bee], minmay_holes,
          uniq_rupert
Lair:4:   layout_regular_city, grunt_megastairs_4
Lair:5:   evilmike_catoblepas_cave, layout_misc_corridors, slime_entry_1,
          nicolae_lair_run_with_the_wolves, lemuel_fruit_tree,
          lemuel_fruit_fields, serial_bayou_shore_a

Notes
Turn   | Place    | Note
-------+----------+-------------------------------------------
     0 | D:1      | kae the Draconian Shapeshifter began the quest for the Orb.
     0 | D:1      | Reached XP level 1. HP: 16/16 MP: 1/1
     0 | D:1      | magus.rc [v1.11.3]
   105 | D:1      | You pick up a book of Frost and begin reading...
   105 | D:1      | You add the spells Freeze, Frozen Ramparts and Hailstorm to
                  | your library.
   117 | D:1      | Reached XP level 2. HP: 23/23 MP: 2/2
   784 | D:2      | Found a faded altar of an unknown god.
   815 | D:2      | Reached XP level 3. HP: 17/28 MP: 3/3
  1076 | D:2      | Noticed Terence
  1348 | D:2      | Noticed Robin
  1375 | D:2      | Reached skill level 4 in Unarmed Combat
  1389 | D:2      | Killed Robin
  1390 | D:2      | Reached XP level 4. HP: 35/35 MP: 4/4
  1424 | D:2      | Identified a potion of experience
  1424 | D:2      | Reached skill level 9 in Unarmed Combat
  1424 | D:2      | Reached skill level 7 in Shapeshifting
  1424 | D:2      | Reached XP level 5. HP: 12/40 MP: 5/5
  1531 | D:2      | Found a stormy altar of Qazlal.
  1632 | D:2      | Killed Terence
  2059 | D:2      | Reached skill level 8 in Shapeshifting
  2420 | D:3      | Reached XP level 6. HP: 42/47 MP: 6/6
  2431 | D:3      | Found a bloodstained altar of Trog.
  3005 | D:4      | Found an ancient bone altar of Kikubaaqudgha.
  3044 | D:4      | Your scales start taking on a fiery red colour.
  3044 | D:4      | Reached XP level 7. HP: 48/52 MP: 7/7
  3044 | D:4      | Gained mutation: Your flesh is heat resistant. (rF+) [Red
                  | Draconian growth]
  3065 | D:4      | Found a blossoming altar of Fedhas.
  3291 | D:4      | Found a shimmering altar of Xom.
  3334 | D:4      | Found an opulent altar of Gozag.
  3683 | D:4      | Reached skill level 9 in Shapeshifting
  3754 | D:5      | Entered Level 5 of the Dungeon
  3762 | D:5      | Reached XP level 8. HP: 58/59 MP: 8/8
  4005 | D:5      | Found a white marble altar of Elyvilon.
  4065 | D:5      | Found a hide-covered altar of Uskayaw.
  4076 | D:5      | Identified the ring "Katudas" {Fire Str+4 SInv}
  4149 | D:5      | Identified the +2 scale mail of Negligence {rN+ Str+2 Int+3
                  | Dex+3}
  4622 | D:6      | Identified the +0 falchion "Akoic" {drain, Dex+5}
  4698 | D:6      | HP: 12/59 [gnoll/+0 flail of holy wrath[a gnoll bouda]
                  | (11)]
  4699 | D:6      | HP: 2/59 [gnoll/+0 flail of holy wrath[a gnoll bouda] (4)]
  4829 | D:6      | Found a staircase to the Ecumenical Temple.
  4838 | Temple   | Entered the Ecumenical Temple
  4927 | D:6      | Reached skill level 10 in Shapeshifting
  4947 | D:6      | You pick up a book of Minor Magic and begin reading...
  4947 | D:6      | You add the spells Magic Dart, Call Imp and Mephitic Cloud
                  | to your library.
  5220 | D:7      | Reached skill level 2 in Fighting
  5226 | D:7      | Reached skill level 3 in Fighting
  5426 | D:7      | Found a stormy altar of Qazlal.
  5506 | D:7      | Found a hazy altar of Hepliaklqana.
  5985 | D:7      | Reached XP level 9. HP: 71/71 MP: 9/9
  5986 | D:7      | Found a burning altar of Makhleb.
  6061 | D:8      | Reached skill level 4 in Fighting
  6114 | D:8      | Noticed a skeletal warrior
  6115 | D:8      | Noticed a skeletal warrior
  6117 | D:8      | Noticed a skeletal warrior
  6117 | D:8      | Noticed a skeletal warrior
  6234 | D:8      | Noticed Joseph
  6243 | D:8      | Killed Joseph
  6244 | D:8      | Reached skill level 5 in Fighting
  6282 | D:7      | HP: 8/75 [skeletal warrior/+0 long sword (21)]
  6392 | D:7      | Killed a skeletal warrior
  6393 | D:7      | Reached skill level 7 in Fighting
  6393 | D:7      | Reached skill level 2 in Dodging
  6466 | D:7      | Killed a skeletal warrior
  6467 | D:7      | Reached skill level 3 in Dodging
  6859 | D:8      | Killed a skeletal warrior
  6860 | D:8      | Reached skill level 5 in Dodging
  6860 | D:8      | Reached XP level 10. HP: 37/86 MP: 10/10
  6919 | D:8      | Killed a skeletal warrior
  6920 | D:8      | Reached skill level 6 in Dodging
  6979 | D:8      | Found a radiant altar of Vehumet.
  6983 | D:8      | Found a shadowy altar of Dithmenos.
  6983 | D:8      | Found a broken altar of Ashenzari.
  6987 | D:8      | Found a glowing golden altar of the Shining One.
  7113 | D:8      | You fall into a shaft and drop 2 floors!
  7113 | D:10     | Entered Level 10 of the Dungeon
  7164 | D:10     | Noticed Harold
  7174 | D:10     | Killed Harold
  7175 | D:10     | Reached skill level 7 in Dodging
  7466 | D:8      | Found a shimmering blue altar of Sif Muna.
  7570 | D:9      | Found a sparkling altar of Nemelex Xobeh.
  7602 | D:9      | Found a staircase to the Lair.
  7837 | D:9      | Found Wetwoota's General Store.
  7842 | D:9      | Reached XP level 11. HP: 93/93 MP: 11/11
  7847 | D:9      | Bought a scroll of noise for 11 gold pieces
  8022 | D:9      | Found a snail-covered altar of Cheibriados.
  8025 | D:9      | Found a sacrificial altar of Ru.
  8028 | D:9      | Found an iron altar of Okawaru.
  8031 | D:9      | Found a glowing silver altar of Zin.
  8037 | D:9      | Became a worshipper of Ru the Awakened
  8181 | D:9      | Found Halehygu's Weapon Emporium.
  8222 | D:9      | Found an ornate altar of the Wu Jian Council.
  8259 | D:9      | Found Waigosiu's Magic Scroll Shop.
  8266 | D:9      | Bought a scroll of identify for 28 gold pieces
  8266 | D:9      | Bought a scroll of identify for 28 gold pieces
  8266 | D:9      | Bought a scroll of identify for 28 gold pieces
  8491 | D:10     | Reached skill level 8 in Fighting
  8633 | D:10     | Noticed Gastronok
  8641 | D:10     | Noticed Erolcha
  8647 | D:10     | Killed Gastronok
  8648 | D:10     | Reached skill level 10 in Unarmed Combat
  8794 | D:10     | Killed Erolcha
  8827 | D:11     | Noticed Grum
  8829 | D:11     | Killed Grum
  8840 | D:11     | Noticed Amaemon
  8857 | D:11     | Reached skill level 9 in Fighting
  8861 | D:11     | Killed Amaemon
  8987 | D:11     | Reached skill level 11 in Shapeshifting
  9059 | D:11     | Found a staircase to the Orcish Mines.
  9149 | D:11     | Noticed Maurice
  9158 | D:11     | Killed Maurice
  9203 | D:11     | Noticed a two-headed ogre
  9211 | D:11     | Killed a two-headed ogre
  9225 | D:11     | Noticed a two-headed ogre
  9233 | D:11     | Killed a two-headed ogre
  9287 | D:11     | Noticed Urug
  9300 | D:11     | Killed Urug
  9301 | D:11     | Reached skill level 11 in Unarmed Combat
  9617 | Lair:1   | Entered Level 1 of the Lair of Beasts
  9622 | Lair:1   | Reached XP level 12. HP: 106/106 MP: 12/12
  9644 | Lair:1   | Reached skill level 10 in Fighting
  9675 | Lair:1   | Gained mutation: You cannot be stealthy. [Ru sacrifice]
  9853 | Lair:1   | HP: 24/106 [yak (10)]
 10165 | Lair:1   | Reached skill level 12 in Unarmed Combat
 10165 | Lair:1   | Reached skill level 12 in Shapeshifting
 10407 | Lair:1   | HP: 25/106 [poisoned by a black mamba]
 10412 | Lair:1   | HP: 20/106 [poisoned by a black mamba]
 10662 | Lair:2   | Found a staircase to the Snake Pit.
 10824 | Lair:2   | You pick up a book of Party Tricks and begin reading...
 10824 | Lair:2   | You add the spells Apportation and Alistair's Intoxication
                  | to your library.
 11067 | Lair:2   | Found a staircase to the Swamp.
 11553 | Lair:2   | HP: 20/108 [black mamba (9)]
 11555 | Lair:2   | HP: 4/108 [black mamba (12)]
 11671 | Lair:2   | Reached XP level 13. HP: 104/114 MP: 13/13
 11960 | Lair:3   | You pick up a book of the Tundra and begin reading...
 11960 | Lair:3   | You add the spells Summon Ice Beast and Simulacrum to your
                  | library.
 12059 | Lair:3   | Noticed Rupert
 12263 | Lair:3   | Reached skill level 8 in Dodging
 12709 | Lair:3   | Reached skill level 11 in Fighting
 12883 | Lair:3   | Killed Rupert
 12884 | Lair:3   | Reached skill level 13 in Shapeshifting
 13533 | Lair:4   | HP: 29/116 [poisoned by a cane toad]
 13538 | Lair:4   | HP: 21/116 [poisoned by a cane toad]
 13543 | Lair:4   | HP: 22/116 [poisoned by a cane toad]
 13978 | Lair:4   | You pick up a book of Winter and begin reading...
 13978 | Lair:4   | You add the spells Ozocubu's Armour and Metabolic
                  | Englaciation to your library.
 14154 | Lair:4   | You pick up a book of Storms and begin reading...
 14154 | Lair:4   | You add the spells Static Discharge, Airstrike and Summon
                  | Lightning Spire to your library.
 14180 | Lair:4   | Reached skill level 13 in Unarmed Combat
 14635 | Lair:5   | Entered Level 5 of the Lair of Beasts
 15050 | Lair:4   | HP: 26/117 [death yak (23)]
 15148 | Lair:5   | You pick up a book of Party Tricks and begin reading...
 15314 | Lair:5   | Reached XP level 14. HP: 95/125 MP: 14/14
 15520 | Lair:5   | Found a viscous altar of Jiyva.
 15534 | Lair:5   | Reached skill level 9 in Dodging
 15550 | Lair:5   | Found a staircase to the Slime Pits.
 15868 | Lair:5   | Reached skill level 12 in Fighting
 15872 | Lair:5   | Reached skill level 14 in Shapeshifting
 15958 | Lair:5   | Gained mutation: You cannot study or use magical devices.
                  | [Ru sacrifice]
 15958 | Lair:5   | Reached * piety under Ru
 15958 | Lair:5   | Reached ** piety under Ru
 15958 | Lair:5   | Reached *** piety under Ru
 15991 | Lair:5   | HP: 19/126 [death yak (17)]
 16414 | D:11     | HP: 18/126 [skeletal warrior/+0 long sword (21)]
 16415 | D:11     | HP: 5/126 [skeletal warrior/+0 mace (13)]
 16416 | D:11     | Demolished by a skeletal warrior

Vanquished Creatures
  Rupert (Lair:3)
  Gastronok (D:10)
  Harold (D:10)
  Erolcha (D:10)
  A hydra (Lair:5)
  2 two-headed ogres (D:11)
  3 catoblepae (Lair:5)
  A boulder beetle (Lair:3)
  9 death yaks
  Urug (D:11)
  Amaemon (D:11)
  2 skysharks
  4 skeletal warriors
  2 lindwurms (Lair:2)
  A wolf spider (Lair:5)
  2 manticores (Lair:5)
  Joseph (D:8)
  Maurice (D:11)
  6 black mambas
  An orange demon (D:11)
  3 torpor snails
  A gargoyle (D:11)
  14 cane toads
  An unseen horror (D:10)
  2 rime drakes
  5 komodo dragons
  3 polar bears
  A queen bee (Lair:3)
  3 trolls
  7 blink frogs (Lair:3)
  2 dream sheep (Lair:2)
  2 shadows
  A wraith (D:11)
  2 wyverns
  67 yaks
  3 basilisks
  Grum (D:11)
  9 vampire mosquitoes
  2 acid dragons (D:10)
  13 water moccasins
  6 orc warriors
  An ice beast (D:8)
  A black bear (D:6)
  3 ogres
  34 wolves
  2 centaurs
  3 kobold brigands
  4 necrophages (D:4)
  4 scorpions
  13 bullfrogs
  40 killer bees
  A howler monkey (D:5)
  An electric eel (Lair:5)
  A jelly (D:4)
  3 hounds
  6 orc priests
  A gnoll bouda (D:6)
  2 scorpion zombies (D:4)
  2 iguanas (D:5)
  An orc wizard (D:5)
  Terence (D:2)
  Robin (D:2)
  8 adders
  11 gnolls
  A shadow imp (D:7)
  2 white imps (D:8)
  An ufetubus (D:6)
  An adder zombie (D:4)
  A worm (D:2)
  3 dart slugs
  16 orcs
  6 bats
  7 endoplasms
  4 giant cockroaches
  19 goblins
  13 hobgoblins
  4 jackals (D:2)
  18 kobolds
  A quokka (D:1)
  9 ball pythons
  4 frilled lizards
  4 rats
448 creatures vanquished.

Table legend:
 A = Non-vault XP
 B = Vault XP
 C = Vault XP percentage of total XP
 D = Non-vault monster count
 E = Vault monster count
 F = Vault count percentage of total count
                 A         B        C        D         E       F
            +---------+---------+-------+---------+---------+-------
      Total |   49673 |   27714 |  35.8 |     320 |     128 |  28.6
            +---------+---------+-------+---------+---------+-------
        D:1 |      36 |       0 |   0.0 |      21 |       0 |   0.0
        D:2 |      91 |      98 |  51.9 |      22 |      24 |  52.2
        D:3 |     179 |       0 |   0.0 |      21 |       0 |   0.0
        D:4 |     494 |     421 |  46.0 |      15 |       7 |  31.8
        D:5 |     355 |       0 |   0.0 |      14 |       0 |   0.0
        D:6 |     379 |       0 |   0.0 |      10 |       0 |   0.0
        D:7 |    2183 |      45 |   2.0 |      18 |       1 |   5.3
        D:8 |    2156 |     498 |  18.8 |      10 |       1 |   9.1
        D:9 |    1525 |     808 |  34.6 |      24 |       6 |  20.0
       D:10 |    2735 |    3267 |  54.4 |      15 |       3 |  16.7
       D:11 |    3089 |    3136 |  50.4 |      10 |      14 |  58.3
       D:12 |     829 |       0 |   0.0 |       4 |       0 |   0.0
     Lair:1 |    7649 |     444 |   5.5 |      34 |       1 |   2.9
     Lair:2 |    7068 |    2728 |  27.8 |      32 |      11 |  25.6
     Lair:3 |    6373 |    3614 |  36.2 |      26 |      25 |  49.0
     Lair:4 |    7187 |     614 |   7.9 |      20 |       2 |   9.1
     Lair:5 |    7345 |   12041 |  62.1 |      24 |      33 |  57.9
            +---------+---------+-------+---------+---------+-------

Skill      XL: |  1  2  3  4  5  6  7  8  9 10 11 12 13 14 |
---------------+-------------------------------------------+-----
Unarmed Combat | 4 9 11 12 13 | 13.6
Shapeshifting  | 7 8 9 10 11 12 13 14 | 14.3
Fighting       | 3 7 9 10 11 12 | 12.0
Dodging        | 5 7 8 9 |  9.4

Action                     |  1- 3 |  4- 6 |  7- 9 | 10-12 | 13-15 || total
---------------------------+-------+-------+-------+-------+-------++-------
  Melee: Unarmed           |   102 |    92 |   185 |   417 |   421 ||  1217
         Tailslap          |     6 |     8 |    26 |    61 |    84 ||   185
         Punch             |     2 |     3 |    11 |    33 |    54 ||   103
         Maw               |       |       |       |       |    80 ||    80
 Invoke: Sacrifice Stealth |       |       |       |     1 |       ||     1
         Reject Sacrifices |       |       |       |       |     1 ||     1
         Sacrifice Artific |       |       |       |       |     1 ||     1
Ability: Breathe Fire      |       |       |     2 |     7 |     2 ||    11
  Evoke: Wand              |     8 |       |       |       |     2 ||    10
    Use: Potion            |     1 |     3 |     1 |     1 |     1 ||     7
         Scroll            |       |       |    21 |     3 |     6 ||    30
   Stab: Sleeping          |     3 |     3 |     2 |     1 |       ||     9
         Distracted        |       |       |     1 |       |       ||     1
 Armour: Skin              |    62 |    20 |    31 |    94 |    93 ||   300
  Dodge: Dodged            |    58 |    47 |   104 |   342 |   412 ||   963
   Form: Blade             |       |     1 |       |       |       ||     1
         Maw               |       |       |       |       |     1 ||     1

Illustrated notes

Table legend:
 A = Kills in this place as a percentage of kills in the entire game.
 B = Kills by you in this place as a percentage of kills by you in the entire game.
 C = Kills by friends in this place as a percentage of kills by friends in the entire game.
 D = Other kills in this place as a percentage of other kills in the entire game.
 E = Experience gained in this place as a percentage of experience gained in the entire game.
 F = Experience gained in this place divided by the number of levels of this place that you have seen.
                   A       B       C       D       E      F
               +-------+-------+-------+-------+-------+----------------------
         Total | 100.0 | 100.0 |   N/A |   N/A | 100.0 | 4299.3
       Dungeon |  53.6 |  53.6 |   N/A |   N/A |  28.8 | 1860.3
          Lair |  46.4 |  46.4 |   N/A |   N/A |  71.2 | 11012.6
               +-------+-------+-------+-------+-------+----------------------

Table legend: (Time is in decaauts)
 A = Elapsed time spent in this place.
 B = Non-inter-level travel time spent in this place.
 C = Inter-level travel time spent in this place.
 D = Time resting spent in this place.
 E = Time spent auto-exploring this place.
 F = Levels seen in this place.
 G = Mean time per level.
                   A        B        C        D        E       F      G
               +--------+--------+--------+--------+--------+-----+--------+
         Total |  16268 |  15138 |   1130 |   1972 |  10616 |  18 |  903.8 |
       Dungeon |   9625 |   8933 |    692 |    680 |   6761 |  12 |  802.1 |
        Temple |      5 |      5 |      0 |      0 |      0 |   1 |    5.0 |
          Lair |   6637 |   6201 |    436 |   1292 |   3855 |   5 | 1327.4 |
               +--------+--------+--------+--------+--------+-----+--------+

Top non-repeatable levels by time:
  Lair:3: 1665 daAuts
     D:2: 1399 daAuts
  Lair:5: 1395 daAuts
  Lair:2: 1374 daAuts
  Lair:4: 1291 daAuts
     D:7: 1289 daAuts
     D:9: 1099 daAuts
     D:4: 1024 daAuts
  Lair:1: 910 daAuts
     D:1: 898 daAuts
     D:5: 777 daAuts
    D:11: 692 daAuts
     D:8: 688 daAuts
    D:10: 682 daAuts
     D:3: 539 daAuts
